 Dungeon Crawl Stone Soup version 0.17-a0-2024-gc284f19 (webtiles) character file.

2909 Ordine the Fighter (level 9, -3/70 HPs)
             Began as an Octopode Fighter on Oct 10, 2015.
             Slain by an orc warrior
             ... wielding a +2 glaive of venom
              (16 damage)
             ... on level 7 of the Dungeon.
             The game lasted 00:37:45 (8837 turns).

Ordine the Fighter (Octopode Fighter)               Turns: 8837, Time: 00:37:46

Health: -3/70      AC:  1    Str: 15    XL:     9   Next: 78%
Magic:  9/9        EV: 10    Int: 10    God:
Gold:   342        SH:  8    Dex: 13    Spells: 0 memorised, 8 levels left

rFire  + . .     SeeInvis +     a - +1 long sword
rCold  . . .     Clarity  .     b - +0 shield
rNeg   . . .     SustAt   .     c - +0 hat
rPois  .         Gourm    .     l - amulet of rage
rElec  +         Spirit   .     z - ring of protection from magic
rCorr  .         Warding  .     (no ring)
rMut   .         Stasis   .     (no ring)
MR     +....                    (no ring)
Stlth  ++........               (no ring)
                                (no ring)
                                (no ring)
                                (no ring)

@: lethally poisoned (-3 -> -24), drained, somewhat resistant to hostile
enchantments, unstealthy
A: almost no armour, amphibious, 8 rings, constrict 8, camouflage 1, see
invisible, clumsy 1, fire resistance 1, electricity resistance, gelatinous body
1
a: Evoke Berserk Rage


You were on level 7 of the Dungeon.
You were not hungry.

You visited 2 branches of the dungeon, and saw 8 of its levels.

You collected 422 gold pieces.
You spent 80 gold pieces at shops.

Inventory:

Hand Weapons
 a - a +1 long sword (weapon)
 u - a +0 dagger of electrocution
Missiles
 e - 8 tomahawks
 i - 235 stones
 m - 7 needles of sleeping
 t - 5 steel javelins
 y - 3 javelins (quivered)
Armour
 b - a +0 shield (worn)
 c - a +0 hat (worn)
Jewellery
 l - an amulet of rage (around mantle)
 p - an uncursed amulet of stasis
 z - a ring of protection from magic (left tentacle)
Wands
 B - a wand of lightning (4)
Scrolls
 f - a scroll of teleportation
 g - 5 scrolls of remove curse
 h - 4 scrolls of recharging
 r - 2 scrolls of enchant weapon
 w - a scroll of fear
Potions
 k - a potion of lignification
 o - a potion of invisibility
 q - 3 potions of flight
 x - 2 potions of poison {unknown}
Comestibles
 d - a bread ration
 j - 3 meat rations
 v - 7 fruits
 A - 6 chunks of flesh


   Skills:
 + Level 9.8(9.2) Fighting
 + Level 9.6(9.1) Long Blades
 - Level 3.0(2.5) Dodging
 - Level 3.0(2.5) Shields


You had 8 spell levels left.
You didn't know any spells.

Dungeon Overview and Level Annotations

Branches:
Dungeon (7/15)             Temple (1/1) D:7

Altars:
Ashenzari
Cheibriados
Elyvilon
Fedhas
Gozag
Kikubaaqudgha
Makhleb
Okawaru
Ru
Sif Muna
Trog
Vehumet
Xom
Yredelemnul
Zin
The Shining One

Shops:
D:5 %}[   D:6 :(:*


Innate Abilities, Weirdness & Mutations

You cannot wear most types of armour.
You are amphibious.
You can wear up to eight rings at the same time.
You can use your tentacles to constrict eight enemies at once.
Your skin changes colour to match your surroundings (Stealth).
Your rubbery body absorbs attacks (AC +1).
You have supernaturally acute eyesight.
You are clumsy. (Dex -2)
Your flesh is heat resistant.
You are resistant to electric shocks.


Message History

You constrict the orc warrior, but do no damage.
The orc warrior barely misses you.
You hit the orc warrior but do no damage.
The orc warrior is moderately wounded.
You constrict the orc warrior.
The orc warrior hits you with a glaive of venom!!
* * * LOW HITPOINT WARNING * * *
You are lethally poisoned!
You hit the orc warrior but do no damage.
The orc warrior is moderately wounded.
You constrict the orc warrior.
* * * LOW HITPOINT WARNING * * *
You feel very sick.
You hit the orc warrior but do no damage.
The orc warrior is moderately wounded.
You constrict the orc warrior.
* * * LOW HITPOINT WARNING * * *
You feel sick.
The orc warrior hits you with a glaive of venom!
You die...

##############
#ro@).....)..#######
#)##########.....)..
. ##รท## ########.
..###.).## ........
......)....###
#####...
.............## #.##
..........[...#
###.##
#.................
#.....
#.............###.
#.....


You could see an orc warrior and a quokka.

Vanquished Creatures
  A human (D:3)
  A hungry ghost (D:5)
  A hippogriff (D:7)
  2 orc warriors
  An ice beast (D:5)
  A sky beast (D:6)
  2 centaurs
  4 ogres
  A phantom (D:5)
  A giant frog (D:6)
  2 scorpions
  7 wights (D:7)
  5 killer bees (D:6)
  A quasit (D:6)
  A human zombie (D:3)
  3 hounds
  2 orc priests
  5 orc wizards
  2 giant frog skeletons
  A human skeleton (D:3)
  An iguana (D:6)
  6 worker ants
  A killer bee zombie (D:6)
  A hound zombie (D:6)
  A hound skeleton (D:5)
  3 gnolls
  9 adders
  An adder skeleton (D:5)
  An adder zombie (D:5)
  2 worms (D:3)
  5 giant geckos
  29 orcs
  2 bats (D:3)
  8 goblins
  3 hobgoblins
  13 jackals
  7 kobolds
  6 quokkas
  7 giant cockroaches
  A giant gecko skeleton (D:4)
  A giant gecko zombie (D:5)
  5 giant newts
  A quokka zombie (D:5)
  6 rats
164 creatures vanquished.

Vanquished Creatures (others)
  A butterfly (D:7)
1 creature vanquished.

Grand Total: 165 creatures vanquished

Notes
Turn   | Place    | Note
--------------------------------------------------------------
     0 | D:1      | Ordine the Octopode Fighter began the quest for the Orb.
     0 | D:1      | Reached XP level 1. HP: 16/16 MP: 1/1
   191 | D:1      | Reached XP level 2. HP: 14/21 MP: 2/2
   722 | D:2      | Reached XP level 3. HP: 21/26 MP: 3/3
   850 | D:2      | Found an opulent altar of Gozag.
  1200 | D:3      | Reached XP level 4. HP: 33/33 MP: 4/4
  1283 | D:3      | Reached skill level 4 in Fighting
  1558 | D:3      | Found a runed door.
  1558 | D:3      | Noticed a human
  1562 | D:3      | Found a basalt altar of Yredelemnul.
  1575 | D:3      | Reached XP level 5. HP: 23/38 MP: 5/5
  2326 | D:3      | Killed a human
  2326 | D:3      | Reached skill level 5 in Fighting
  2326 | D:3      | Reached XP level 6. HP: 17/45 MP: 6/6
  2583 | D:4      | Reached skill level 5 in Long Blades
  3091 | D:4      | Reached XP level 7. HP: 49/51 MP: 7/7
  3167 | D:4      | Reached skill level 6 in Fighting
  3213 | D:4      | Found a shimmering altar of Xom.
  3215 | D:4      | Found a bloodstained altar of Trog.
  3872 | D:5      | Entered Level 5 of the Dungeon
  3910 | D:5      | Noticed a hungry ghost
  3935 | D:5      | Killed a hungry ghost
  3935 | D:5      | Reached XP level 8. HP: 47/58 MP: 8/8
  4042 | D:5      | Found Solor's Food Shop.
  4051 | D:5      | Reached skill level 7 in Fighting
  4230 | D:5      | Found Owiaf's Gadget Boutique.
  4299 | D:5      | Found Rinan's Antique Armour Boutique.
  4305 | D:5      | Bought a hat for 80 gold pieces
  4638 | D:5      | Found a shimmering altar of Xom.
  4647 | D:5      | Found a shattered altar of Ashenzari.
  5329 | D:6      | Found Zyhoejo's Antique Weapon Shop.
  5350 | D:6      | Found Ycoad's Book Shop.
  5351 | D:6      | Identified a scroll of acquirement
  5401 | D:6      | Gained mutation: You have supernaturally acute eyesight. [mutagenic meat]
  5402 | D:6      | Gained mutation: You are clumsy. (Dex -2) [mutagenic meat]
  5403 | D:6      | Gained mutation: You are resistant to electric shocks. [mutagenic meat]
  5404 | D:6      | Gained mutation: Your flesh is heat resistant. [mutagenic meat]
  5595 | D:6      | Found Xong's Book Boutique.
  5672 | D:6      | Found a blossoming altar of Fedhas.
  5696 | D:6      | Reached skill level 8 in Fighting
  5729 | D:6      | Reached XP level 9. HP: 64/67 MP: 9/9
  7065 | D:6      | Found Jeuqam's General Store.
  7070 | D:6      | Reached skill level 9 in Fighting
  7962 | D:7      | Found a staircase to the Ecumenical Temple.
  7971 | Temple   | Entered the Ecumenical Temple
  8837 | D:7      | Slain by an orc warrior

Vault maps used:
D:1:      lightli_arrival_boilingwater
D:2:      minivault_25, nicolae_gozag_seed_capital
D:3:      dk_yredelemnul_ordeal
D:4:      bloody_trog, first_bread, serial_bayou_pond_a, xom_teletrap_fun
D:5:      minitemple, serial_shops, nicolae_shop_scaring_up_business, shop, shop
D:6:      fedhas_bush_and_centaur_altar, serial_shops, shop, shop,
          nicolae_shop_competitors_out_of_business, nicolae_shop_crystal
D:7:      lemuel_slime, kennysheep_mini, minmay_temple_entry_butterflies,
          grunt_ogre_cave, kennysheep_generic_room_8, uniq_pikel
Temple:   oiseaux_autumnal_temple_12

Action                   |  1- 3 |  4- 6 |  7- 9 || total
-------------------------+-------+-------+-------++-------
Melee: Long sword        |    48 |    88 |   319 ||   455
       Dagger            |       |       |     4 ||     4
Throw: Stone             |     3 |    11 |     8 ||    22
       Tomahawk          |       |     6 |    33 ||    39
       Javelin           |       |       |    16 ||    16
  Use: Scroll            |       |     8 |     8 ||    16
       Potion            |       |     1 |     4 ||     5
 Stab: Sleeping          |    10 |     6 |    10 ||    26
  Eat: Chunk             |     1 |     6 |    15 ||    22
       Bread ration      |       |       |     2 ||     2
       Fruit             |       |       |     1 ||     1
